 Dungeon Crawl Stone Soup version 0.18.1-48-g4cf74bf (webtiles) character file.

62 Gottschkopf the Insei (level 3, -2/28 HPs)
             Began as a Draconian Transmuter on Sept 1, 2016.
             Slain by a goblin
             ... wielding a +0 dagger
             ... led by Robin
              (3 damage)
             ... on level 2 of the Dungeon.
             The game lasted 00:03:13 (1069 turns).

Gottschkopf the Insei (Draconian Transmuter)        Turns: 1069, Time: 00:03:14

Health: -2/28      AC:  6    Str: 12    XL:     3   Next: 85%
Magic:  5/6        EV: 10    Int: 13    God:
Gold:   32         SH:  0    Dex: 12    Spells: 1 memorised, 5 levels left

rFire  . . .     SeeInvis .       - Unarmed
rCold  . . .     Gourm    .     (armour unavailable)
rNeg   . . .     Faith    .     (no shield)
rPois  .         Spirit   .     (helmet restricted)
rElec  .         Dismiss  .     j - +0 cloak
rCorr  .         Reflect  .     (no gloves)
SustAt .         Harm     .     (boots currently unavailable)
MR     .....                    (no amulet)
Stlth  +.........               (no ring)
                                t - -2 ring of evasion

@: appendage (expiring), not resistant to hostile enchantments, very unstealthy
A: unfitting armour, talons 3, cold-blooded, AC +5
a: End Transformation


You were on level 2 of the Dungeon.
You were hungry.
You had grown temporary talons.
You visited 1 branch of the dungeon, and saw 2 of its levels.

You collected 32 gold pieces.

Inventory:

Missiles
 a - 61 arrows
Armour
 j - a +0 cloak (worn)
Jewellery
 t - a -2 ring of evasion (left hand)
Scrolls
 e - 2 scrolls of remove curse
 k - a scroll of fear {unknown}
 m - a scroll of noise {unknown}
 p - a scroll of teleportation {unknown}
 q - a scroll of immolation {unknown}
 r - a scroll of blinking {unknown}
Potions
 d - 2 potions of curing
 i - a potion of berserk rage
 l - a potion of cure mutation {unknown}
 o - a potion of heal wounds {unknown}
 s - 3 potions of flight {unknown}
 u - a potion of magic {unknown}
Books
 b - a book of Changes

   Spells                             Type                      Level
   a - Beastly Appendage              Transmutation                1
   b - Sticks to Snakes               Transmutation                2
   c - Spider Form                    Transmutation/Poison         3
   d - Ice Form                       Ice/Transmutation            4
   e - Blade Hands                    Transmutation                5
Comestibles
 c - a bread ration
 n - 3 fruits


   Skills:
 - Level 1.1 Fighting
 - Level 1.7 Dodging
 + Level 4.8 Unarmed Combat
 - Level 2.0 Spellcasting
 - Level 2.0 Transmutations


You had 5 spell levels left.
You knew the following spells:

 Your Spells              Type           Power        Failure   Level  Hunger
a - Beastly Appendage     Trmt           #.....       12%         1    ##.....


Dungeon Overview and Level Annotations

Branches:
Dungeon (2/15)

Altars:

Annotations:
D:2 Robin


Innate Abilities, Weirdness & Mutations

Your plain brown scales are hard (AC +5).
Your body does not fit into most forms of armour.
You are cold-blooded and may be slowed by cold attacks.
You have claws for feet.


Message History

The goblin hits you with a dagger.
* * * LOW HITPOINT WARNING * * *
The goblin barely misses you.
The hobgoblin hits you but does no damage.
The goblin hits you but does no damage.
A goblin comes into view. It is wielding a club.
Casting: Beastly Appendage
Confirm with . or Enter, or press ? or * to list all spells.
Your feet morph into talons.
The goblin shouts!
Your transformation is almost over.
The goblin hits you but does no damage. The goblin hits you with a dagger.
* * * LOW HITPOINT WARNING * * *
The hobgoblin barely misses you. The goblin hits you but does no damage.
Unknown command.
The hobgoblin shouts!
You hit the goblin.
You kill the goblin!
The goblin hits you with a dagger.
You die...

........... ...........
.........#####.#.###.....
#....................>.. .
#.......#......##....... ...
#.......................
g...##........###..#####.....
#.#..g....l.###...####......
#.g..g...ggg##..#..#...##...
...#....g.gg@................
.....#...#####...............
...# ##......................
.. .....................#.# .
..######...)............# #.#
##...#..........#.# #.
#......)...).......
#......<.........##
#...............##


You could see Robin, a giant gecko, 4 hobgoblins and 3 goblins.

Vanquished Creatures
  Terence (D:2)
  A worm (D:2)
  A dart slug (D:2)
  3 giant cockroaches
  3 goblins (D:2)
  4 hobgoblins
  3 jackals (D:2)
  4 kobolds
  4 bats
  A giant newt (D:2)
  5 rats
30 creatures vanquished.

Notes
Turn   | Place    | Note
--------------------------------------------------------------
     0 | D:1      | Gottschkopf the Draconian Transmuter began the quest for the Orb.
     0 | D:1      | Reached XP level 1. HP: 16/16 MP: 3/3
     6 | D:1      | Noticed a hound
     6 | D:1      | Noticed a five-headed hydra
     6 | D:1      | Noticed an iguana
     7 | D:1      | Noticed a swamp worm
   318 | D:1      | Reached XP level 2. HP: 19/23 MP: 5/5
   809 | D:2      | Reached skill level 4 in Unarmed Combat
   878 | D:2      | Reached XP level 3. HP: 20/28 MP: 6/6
   944 | D:2      | Noticed Terence
   973 | D:2      | Killed Terence
  1056 | D:2      | Noticed Robin
  1068 | D:2      | HP: 1/28 [goblin/dagger[Robin] (1)]
  1069 | D:2      | Slain by a goblin

Skill      XL: |  1  2 |
---------------+-------+-----
Unarmed Combat | 4 |  4.8
Fighting       | |  1.1
Dodging        | |  1.7
Spellcasting   | |  2.0
Transmutations | |  2.0

Action                   || total
-------------------------++-------
Melee: Unarmed           ||   104
       Tailslap          ||    12
       Kick              ||     2
       Punch             ||     1
       Headbutt          ||     9
 Cast: Beastly Appendage ||    11
  Use: Potion            ||     3
       Scroll            ||     2
 Stab: Sleeping          ||     1
  Eat: Chunk             ||     1
Armor: Skin              ||    48
Dodge: Dodged            ||    79
